 Dungeon Crawl Stone Soup version 0.21.0 (webtiles) character file.

1461 HungrySpirit the Magician (level 8, -8/50 HPs)
             Began as a Deep Elf Artificer on Jan 7, 2018.
             Was a Follower of Vehumet.
             Mangled by an ogre
             ... wielding a +0 giant club
              (24 damage)
             ... on level 5 of the Dungeon.
             The game lasted 00:24:43 (11103 turns).

HungrySpirit the Magician (Deep Elf Artificer)     Turns: 11103, Time: 00:24:44

Health: -8/50      AC:  9    Str:  9    XL:     8   Next: 48%
Magic:  20/20      EV: 11    Int: 22    God:    Vehumet [*.....]
Gold:   285        SH:  0    Dex: 15    Spells: 19/20 levels left

rFire    . . .     SeeInvis .   a - +0 short sword
rCold    . . .     Gourm    .   (no shield)
rNeg     . . .     Faith    .   t - +0 scale mail (curse)
rPois    .         Spirit   .   d - +2 helmet {Int+3}
rElec    .         Reflect  .   (no cloak)
rCorr    .         Harm     .   (no gloves)
MR       .....                  (no boots)
Stlth    ..........             m - amulet of regeneration
HPRegen  0.56/turn              b - +2 ring of dexterity
MPRegen  0.17/turn              (no ring)

@: very slightly contaminated
A: clumsy 1, robust 1
a: Renounce Religion


You were on level 5 of the Dungeon.
You worshipped Vehumet.
Vehumet was aware of your devotion.
You were not hungry.

You visited 2 branches of the dungeon, and saw 7 of its levels.

You collected 285 gold pieces.

Inventory:

Hand Weapons
 a - a +0 short sword (weapon)
 p - a +0 long sword
Armour
 d - a +2 helmet of intelligence (worn)
 k - a cursed +0 chain mail
 t - a cursed +0 scale mail (worn)
Magical Staves
 s - an uncursed staff of summoning
Jewellery
 b - a +2 ring of dexterity (left hand)
 l - an uncursed amulet of guardian spirit
 m - an amulet of regeneration (around neck)
Wands
 o - a wand of polymorph (9)
Scrolls
 c - a scroll of random uselessness {unknown}
 e - 2 scrolls of blinking {unknown}
 g - 10 scrolls of identify {unknown}
 h - 2 scrolls of enchant weapon {unknown}
 j - a scroll of enchant armour {unknown}
 n - 3 scrolls of fear {unknown}
 r - 2 scrolls of remove curse {unknown}
 v - 2 scrolls of amnesia {unknown}
Comestibles
 f - 10 rations
 i - 2 chunks of flesh


   Skills:
 - Level 3.0 Fighting
 + Level 6.5 Short Blades
 + Level 6.7 Dodging
 - Level 1.2 Stealth
 + Level 6.7 Spellcasting
 * Level 0.0 Conjurations
 - Level 3.2 Evocations


You had 19 spell levels left.
You knew the following spells:

 Your Spells              Type           Power        Failure   Level  Hunger
a - Sting                 Conj/Pois      #...         58%         1    None


Dungeon Overview and Level Annotations

Branches:
Dungeon (6/15)             Temple (1/1) D:5

Altars:
Ashenzari
Cheibriados
Dithmenos
Elyvilon
Gozag
Kikubaaqudgha
Makhleb
Nemelex Xobeh
Sif Muna
Trog
Uskayaw
Vehumet
Wu Jian
Xom
The Shining One


Innate Abilities, Weirdness & Mutations

You are clumsy. (Dex -2)
You are robust. (+10% HP)


Message History

The ogre looks more healthy.
The centaur shoots an arrow.
The arrow hits you but does no damage.
The crimson imp blinks!
You see here an arrow.
The crimson imp shouts, "Remove thy stench, thou obnoxious beef-witted vassal!"
The centaur shoots an arrow.
The arrow hits you! The ogre hits you with a giant club!
You see here an arrow.
The centaur unwields an uncursed shortbow.
The centaur closely misses you.
The centaur wields an uncursed shortbow.
The centaur shoots an arrow.
The arrow hits you.
You see here an arrow.
The crimson imp blinks!
The centaur shoots an arrow.
The arrow hits you!
* * * LOW HITPOINT WARNING * * *
You see here an arrow.
The crimson imp blinks!
There is a stone staircase leading up here.
The ogre hits you with a giant club!!
You die...

...............#... #.#.##.######
###########..####.# #.#.##...J...
########..........###.#.#########
..[[).............##.......####
#####.#####..###..............###
#)# #..###..##............. #.#
#....#).###.#.#.#.#.### #.#
#................##.# #.#
#.##.#@.###...#.###.# #.#
#......O####..#.###.## #.#
#.##...c...Z.(.......## ###.#
#.##.#.#.#.#.#.#.#.#..# ..#.#
#.##..........#.Z.....#
#.#.#####.#..#.#.#...#(#.#.....
#.#.....<......................
#.##########.#.#5....#.#.......
##.## #.............(...##


You could see an ogre and a centaur.

Vanquished Creatures
  A sky beast (D:6)
  7 scorpions
  A howler monkey (D:5)
  A crimson imp (D:6)
  5 hounds
  3 orc wizards (D:4)
  3 bullfrog skeletons (D:5)
  4 orc priests
  2 iguanas (D:6)
  Ijyb (D:2)
  Terence (D:2)
  4 worker ants
  A hound skeleton (D:4)
  Robin (D:3)
  8 adders
  2 shadow imps
  An ooze (D:2)
  An adder skeleton (D:3)
  3 worms
  7 dart slugs
  5 leopard geckos
  26 orcs
  7 giant cockroaches
  12 goblins
  16 hobgoblins
  8 jackals
  6 kobolds
  4 quokkas
  5 ball pythons
  12 bats
  5 frilled lizards
  8 rats
171 creatures vanquished.

Vanquished Creatures (collateral kills)
  An orc priest (D:4)
  An adder skeleton (D:4)
  2 orcs
4 creatures vanquished.

Vanquished Creatures (others)
  3 orc wizards
  16 fungi (D:4)
  A plant (D:3)
20 creatures vanquished.

Grand Total: 195 creatures vanquished

Notes
Turn   | Place    | Note
-------+----------+-------------------------------------------
     0 | D:1      | HungrySpirit the Deep Elf Artificer began the quest for the Orb.
     0 | D:1      | Reached XP level 1. HP: 11/11 MP: 5/5
    72 | D:1      | Reached skill level 1 in Fighting
    76 | D:1      | Reached XP level 2. HP: 9/16 MP: 6/6
   616 | D:1      | Reached XP level 3. HP: 12/20 MP: 7/7
  1564 | D:2      | Reached XP level 4. HP: 19/25 MP: 4/8
  1805 | D:2      | Found a burning altar of Makhleb.
  2387 | D:2      | Noticed Terence
  2427 | D:2      | Killed Terence
  2427 | D:2      | Reached XP level 5. HP: 26/30 MP: 9/9
  2789 | D:3      | Noticed Robin
  2857 | D:3      | Noticed Ijyb
  2899 | D:2      | Killed Ijyb
  4801 | D:3      | Killed Robin
  4801 | D:3      | Reached XP level 6. HP: 31/36 MP: 10/10
  5196 | D:3      | Gained mutation: You are clumsy. (Dex -2) [potion of mutation]
  5196 | D:3      | Gained mutation: You are robust. (+10% HP) [potion of mutation]
  5220 | D:4      | Reached skill level 5 in Short Blades
  5836 | D:4      | Found a shattered altar of Ashenzari.
  5871 | D:4      | Reached skill level 5 in Dodging
  5871 | D:4      | Reached XP level 7. HP: 33/45 MP: 7/11
  6331 | D:4      | Reached skill level 1 in Spellcasting
  8149 | D:5      | Entered Level 5 of the Dungeon
  9046 | D:5      | Reached XP level 8. HP: 31/50 MP: 11/17
  9606 | D:5      | Reached skill level 5 in Spellcasting
  9671 | D:5      | Found a staircase to the Ecumenical Temple.
  9681 | Temple   | Entered the Ecumenical Temple
  9687 | Temple   | Became a worshipper of Vehumet
  9717 | D:5      | Found a shimmering altar of Xom.
 11017 | D:5      | Reached * piety under Vehumet
 11017 | D:5      | Offered knowledge of Sting by Vehumet.
 11022 | D:5      | Learned a level 1 spell: Sting
 11103 | D:5      | Mangled by an ogre

Skill      XL: |  1  2  3  4  5  6  7  8 |
---------------+-------------------------+-----
Fighting       | 1 2 3 |  3.0
Short Blades   | 2 3 4 5 6 |  6.5
Dodging        | 3 4 5 6 |  6.7
Spellcasting   | 4 6 |  6.7
Stealth        | |  1.2
Evocations     | |  3.2

Action                   |  1- 3 |  4- 6 |  7- 9 || total
-------------------------+-------+-------+-------++-------
Melee: Short sword       |   152 |   451 |   689 ||  1292
       Long sword        |       |       |    19 ||    19
 Cast: Sting             |       |       |     1 ||     1
Evoke: Wand              |     7 |    31 |    30 ||    68
  Use: Potion            |       |     8 |     5 ||    13
 Stab: Sleeping          |     1 |     4 |       ||     5
       Invisible         |       |       |     4 ||     4
  Eat: Chunk             |     1 |    15 |    11 ||    27
       Ration            |       |       |     2 ||     2
Armor: Leather armour    |    38 |    94 |    18 ||   150
       Scale mail        |       |       |   225 ||   225
       Skin              |       |       |     3 ||     3
Dodge: Dodged            |   115 |   272 |   307 ||   694
       Rpst.: Long sword |       |       |     3 ||     3
